 Dungeon Crawl Stone Soup version 0.18.1-48-g4cf74bf (webtiles) character file.

74 torvon the Digger (level 4, -2/26 HPs)
             Began as a Gargoyle Earth Elementalist on Aug 11, 2016.
             Slain by an ogre
             ... wielding a +0 giant club
              (28 damage)
             ... on level 3 of the Dungeon.
             The game lasted 00:14:04 (2456 turns).

torvon the Digger (Gargoyle Earth Elementalist)     Turns: 2456, Time: 00:14:05

Health: -2/26      AC:  6    Str: 11    XL:     4   Next: 30%
Magic:  7/7        EV: 12    Int: 17    God:
Gold:   117        SH:  0    Dex: 10    Spells: 2 memorised, 3 levels left

rFire  . . .     SeeInvis .     o - +0 mace
rCold  . . .     Gourm    .     a - +0 robe
rNeg   + . .     Faith    .     (no shield)
rPois  ∞         Spirit   .     (no helmet)
rElec  +         Dismiss  .     (no cloak)
rCorr  .         Reflect  .     (no gloves)
SustAt .         Harm     .     l - +0 pair of boots
MR     .....                    w - amulet of magic regeneration
Stlth  ++........               (no ring)
                                (no ring)

@: very slightly contaminated, not resistant to hostile enchantments, unstealthy
A: negative energy resistance 1, electricity resistance, unbreathing,
petrification resistance, rot immunity, AC +3
a: no special abilities


You were on level 3 of the Dungeon.
You were not hungry.

You visited 1 branch of the dungeon, and saw 3 of its levels.

You collected 117 gold pieces.

Inventory:

Hand Weapons
 f - a +0 dagger
 h - a +0 dagger
 o - a +0 mace (weapon)
 s - a +0 club
 u - a +0 dagger
Missiles
 b - 70 stones (quivered)
Armour
 a - a +0 robe (worn)
 k - a +0 leather armour
 l - a +0 pair of boots (worn)
Jewellery
 w - an amulet of magic regeneration (around neck)
Wands
 p - a wand of teleportation (2/9)
Scrolls
 g - 2 scrolls of fog {unknown}
 i - a scroll of teleportation {unknown}
 q - a scroll of blinking {unknown}
 r - 4 scrolls of remove curse
 v - 2 scrolls of identify
 x - a scroll of random uselessness {unknown}
 y - a scroll of enchant armour {unknown}
Potions
 e - a potion of invisibility {unknown}
 j - 2 potions of curing
 m - a potion of flight {unknown}
 n - a potion of heal wounds {unknown}
 t - a potion of lignification {unknown}
 A - a potion of mutation {unknown}
Books
 c - a book of Geomancy

   Spells                             Type                      Level
   a - Sandblast                      Earth                        1
   b - Passwall                       Transmutation/Earth          2
   c - Stone Arrow                    Conjuration/Earth            3
   d - Petrify                        Transmutation/Earth          4
   e - Lee's Rapid Deconstruction     Earth                        5
Comestibles
 d - a bread ration
 z - 2 meat rations


   Skills:
 + Level 1.9 Fighting
 + Level 2.2 Armour
 - Level 1.9 Dodging
 - Level 2.2 Stealth
 - Level 2.0 Spellcasting
   Level 0.7 Transmutations
 + Level 4.3 Earth Magic


You had 3 spell levels left.
You knew the following spells:

 Your Spells              Type           Power        Failure   Level  Hunger
a - Sandblast             Erth           ###...       3%          1    #......
b - Stone Arrow           Conj/Erth      #.....       24%         3    ###....


Dungeon Overview and Level Annotations

Branches:
Dungeon (3/15)

Altars:
Cheibriados
Qazlal

Annotations:
D:2 Crazy Yiuf


Innate Abilities, Weirdness & Mutations

You are resistant to torment.
Your stone body is resilient (AC +3).
You are immune to poison.
You resist negative energy.
You are resistant to electric shocks.
You can survive without breathing.
You are immune to petrification.
You are immune to rotting.


Message History

Casting: Sandblast
Confirm with . or Enter, or press ? or * to list all spells.
Aiming: Stone Arrow
Press: ? - help, Shift-Dir - straight line, f - gnoll
Aim: a gnoll, wielding a flail You miscast Stone Arrow.
You are very lightly contaminated with residual magic.
Wisps of smoke drift from your hands.
The gnoll shouts!
You see here a dagger.
There is a stone staircase leading down here.
Casting: Stone Arrow
Confirm with . or Enter, or press ? or * to list all spells.
Aiming: Stone Arrow
Press: ? - help, Shift-Dir - straight line, f/p - gnoll
Aim: a gnoll, wielding a flail
Okay, then.
You climb downwards.
The ogre hits you with a giant club!!
Ouch! That really hurt!
You die...

#.....# #
#.....##.#################
#.....##.##...............
#.....##.#....############
#.....##.#.........g(##...
#.....##.#.....##.........
####.###.#.....##......)..
#.###.#g....##.......##
#O#...@....###.......#
#####.#.#.#Og..# #.......#
#.....#...#....# #.......#
#.....###### #.......#
####### .........#
..........# .##########


You could see an ogre, a hobgoblin and a goblin.

Vanquished Creatures
  2 adders (D:2)
  An ooze (D:2)
  A dart slug (D:2)
  An orc (D:3)
  6 bats
  4 giant cockroaches
  9 goblins
  4 hobgoblins
  2 ball pythons
  4 giant newts
  8 kobolds
  6 rats
48 creatures vanquished.

Notes
Turn   | Place    | Note
--------------------------------------------------------------
     0 | D:1      | torvon the Gargoyle Earth Elementalist began the quest for the Orb.
     0 | D:1      | Reached XP level 1. HP: 10/10 MP: 3/3
   110 | D:1      | Reached XP level 2. HP: 13/15 MP: 3/5
   528 | D:1      | Reached skill level 1 in Armour
   533 | D:1      | Reached skill level 1 in Fighting
   533 | D:1      | Reached XP level 3. HP: 17/20 MP: 0/6
   750 | D:2      | Found a stormy altar of Qazlal.
  1069 | D:2      | Reached skill level 4 in Earth Magic
  1306 | D:3      | Noticed an ogre
  1623 | D:2      | Reached XP level 4. HP: 26/26 MP: 5/7
  1879 | D:2      | Learned a level 3 spell: Stone Arrow
  1900 | D:2      | Found a snail-covered altar of Cheibriados.
  2060 | D:2      | Noticed Crazy Yiuf
  2456 | D:3      | Slain by an ogre

Skill      XL: |  1  2  3 |
---------------+----------+-----
Armour         | 1 2 |  2.2
Fighting       | 1 |  1.9
Earth Magic    | 4 |  4.3
Dodging        | |  1.9
Stealth        | |  2.2
Spellcasting   | |  2.0
Transmutations | |  0.7

Action                   |  1- 3 |  4- 6 || total
-------------------------+-------+-------++-------
Melee: Dagger            |    65 |       ||    65
       Mace              |    22 |    13 ||    35
 Cast: Sandblast         |    55 |    23 ||    78
       Stone Arrow       |       |     2 ||     2
  Use: Scroll            |       |     2 ||     2
  Eat: Bread ration      |     1 |       ||     1
       Meat ration       |       |     1 ||     1
Armor: Robe              |    34 |       ||    34
       Leather armour    |    14 |    10 ||    24
Dodge: Dodged            |    96 |    16 ||   112
